 Dungeon Crawl Stone Soup version 0.22-a0-388-g09e6169 (webtiles) character file.

745 Falco the Magician (level 7, -2/38 HPs)
             Began as a Deep Elf Conjurer on Apr 29, 2018.
             Was an Initiate of Vehumet.
             Killed by nerve-wracking pain
             ... invoked by an orc priest
              (16 damage)
             ... on level 5 of the Dungeon.
             The game lasted 00:34:28 (3966 turns).

Falco the Magician (Deep Elf Conjurer)              Turns: 3966, Time: 00:34:28

Health: -2/38      AC:  5    Str:  5    XL:     7   Next: 47%
Magic:  10/19      EV: 14    Int: 22    God:    Vehumet [......]
Gold:   159        SH:  0    Dex: 15    Spells: 2/20 levels left

rFire    . . .     SeeInvis .   y - +2 quarterstaff (chaos)
rCold    . . .     Gourm    .   (shield currently unavailable)
rNeg     . . .     Faith    .   a - +0 robe
rPois    .         Spirit   .   (no helmet)
rElec    .         Reflect  .   (no cloak)
rCorr    .         Harm     +   b - +2 pair of gloves
MR       .....                  (no boots)
Stlth    +++.......             s - amulet of harm
HPRegen  0.12/turn              g - +2 ring of slaying
MPRegen  0.16/turn              (no ring)

@: no status effects
A: no striking features
a: Renounce Religion


You were on level 5 of the Dungeon.
You worshipped Vehumet.
Vehumet was noncommittal.
You were not hungry.

You visited 2 branches of the dungeon, and saw 6 of its levels.

You collected 159 gold pieces.

Inventory:

Hand Weapons
 e - a +0 dagger
 t - a cursed -3 mace
 x - a cursed -2 mace
 y - a +2 quarterstaff of chaos (weapon)
Missiles
 d - 51 sling bullets
 k - 70 arrows
 n - 6 poisoned needles
 D - 16 stones (quivered)
Armour
 a - a +0 robe (worn)
 b - a +2 pair of gloves (worn)
 q - a +0 helmet
 v - a +0 robe
 z - a cursed +0 cloak
 F - a cursed +0 ring mail
Jewellery
 g - a +2 ring of slaying (left hand)
 s - an amulet of harm (around neck)
 w - an uncursed amulet of guardian spirit
 E - an uncursed amulet of regeneration {unknown}
Wands
 B - a wand of polymorph (13)
 H - a wand of random effects (19)
Scrolls
 f - a scroll of enchant armour {unknown}
 h - 2 scrolls of remove curse {unknown}
 j - a scroll of blinking
 m - a scroll of magic mapping {unknown}
 o - 2 scrolls of amnesia {unknown}
 u - 2 scrolls of teleportation {unknown}
 G - a scroll of enchant weapon {unknown}
Potions
 i - 2 potions of heal wounds
 l - 2 potions of mutation {unknown}
 p - a potion of brilliance {unknown}
 r - a potion of curing {unknown}
 A - a potion of invisibility {unknown}
 C - a potion of magic {unknown}
Comestibles
 c - 2 rations


   Skills:
 + Level 1.3 Fighting
 + Level 1.5 Short Blades
 + Level 1.1 Staves
 + Level 3.5 Dodging
 + Level 3.6 Stealth
 + Level 7.3 Spellcasting
 + Level 6.9 Conjurations


You had 2 spell levels left.
You knew the following spells:

 Your Spells              Type           Power        Failure   Level  Hunger
a - Magic Dart            Conj           ####         1%          1    None
b - Searing Ray           Conj           #####.       1%          2    None
c - Dazzling Spray        Conj/Hex       ###...       6%          3    None
d - Iskenderun's Mystic   Conj           #####...     4%          4    ###....
e - Force Lance           Conj/Tloc      ###.....     19%         4    ###....
f - Fulminant Prism       Conj/Hex       ###.......   19%         4    ###....


Dungeon Overview and Level Annotations

Branches:
Dungeon (5/15)             Temple (1/1) D:4

Altars:
Ashenzari
Cheibriados
Elyvilon
Fedhas
Gozag
Hepliaklqana
Nemelex Xobeh
Okawaru
Qazlal
Ru
Sif Muna
Trog
Uskayaw
Vehumet
Wu Jian
Xom
Yredelemnul
Zin
The Shining One


Message History

Pain shoots through your body!
Casting: Magic Dart (safe; 1% risk of failure)
Confirm with . or Enter, or press ? or * to list all spells.
Aiming: Searing Ray (safe; 1% risk of failure)
Press: ? - help, Shift-Dir - straight line, f/p - orc priest
Aim: an orc priest, wielding a war axe of chopping and wearing a leather armour (moderately wounded)
The searing ray hits the giant cockroach.
The giant cockroach is severely wounded. (Press . to maintain the ray.)
The giant cockroach barely misses you.
The searing ray misses the giant cockroach.
The searing ray hits the orc priest.
The orc priest is severely wounded.
The giant cockroach barely misses you.
The searing ray hits the giant cockroach.
You kill the giant cockroach!
Vehumet accepts your kill.
The orc priest mumbles some strange prayers to Beogh against you.
Pain shoots through your body!
You die...

#.# #.. #.# #.# ## #.#
#.#.. #.# #.#.##
###.#####.#..#
#...........?####
#.#.#####.)...)..
#.#.#####.##
#.#.##.@.o.#.
#.#.##.##........
######.#........#.####
#...........#...#.#
#.####.####.....# #
#.# #.#..... #†#
#.##..... #.#
#.##.##.. #.# #.# # ..


You could see an orc priest.

Vanquished Creatures
  2 sky beasts
  An ogre (D:4)
  A scorpion (D:4)
  Crazy Yiuf (D:3)
  2 hounds
  2 orc priests
  Jessica (D:3)
  A bullfrog skeleton (D:4)
  Natasha (thrice) (D:3)
  2 worker ants (D:4)
  3 adders
  A shadow imp (D:3)
  An ooze (D:2)
  3 worms
  A dart slug (D:2)
  5 orcs
  8 bats
  4 giant cockroaches
  4 goblins
  9 hobgoblins
  4 quokkas
  A ball python (D:1)
  5 frilled lizards
  8 kobolds
  3 rats
76 creatures vanquished.

Vanquished Creatures (others)
  A fulminant prism (D:5)
1 creature vanquished.

Grand Total: 77 creatures vanquished

Notes
Turn   | Place    | Note
-------+----------+-------------------------------------------
     0 | D:1      | Falco the Deep Elf Conjurer began the quest for the Orb.
     0 | D:1      | Reached XP level 1. HP: 10/10 MP: 6/6
   479 | D:1      | Reached XP level 2. HP: 15/15 MP: 5/8
   483 | D:1      | Learned a level 2 spell: Searing Ray
  1014 | D:2      | Reached skill level 5 in Conjurations
  1014 | D:2      | Reached XP level 3. HP: 19/19 MP: 1/10
  1192 | D:2      | Reached skill level 4 in Spellcasting
  1398 | D:2      | Reached XP level 4. HP: 24/24 MP: 3/12
  1844 | D:2      | Learned a level 3 spell: Dazzling Spray
  1849 | D:2      | Learned a level 4 spell: Iskenderun's Mystic Blast
  1926 | D:2      | Noticed a sky beast
  2192 | D:2      | Killed a sky beast
  2192 | D:2      | Reached skill level 5 in Spellcasting
  2192 | D:2      | Reached XP level 5. HP: 28/28 MP: 6/14
  2438 | D:3      | Found a shimmering altar of Xom.
  2452 | D:3      | Noticed Jessica
  2454 | D:3      | Killed Jessica
  2491 | D:3      | Reached skill level 1 in Short Blades
  2545 | D:3      | Found a shattered altar of Ashenzari.
  2563 | D:3      | Noticed Natasha
  2569 | D:3      | Killed Natasha
  2647 | D:3      | Noticed Natasha
  2652 | D:3      | Killed Natasha
  2652 | D:3      | Reached XP level 6. HP: 30/33 MP: 10/16
  2786 | D:3      | Found a runed door.
  2791 | D:3      | Noticed Crazy Yiuf
  2793 | D:3      | Killed Crazy Yiuf
  2828 | D:3      | Found a shimmering altar of Xom.
  2890 | D:3      | Noticed Natasha
  2893 | D:3      | Killed Natasha
  2950 | D:4      | Reached skill level 6 in Spellcasting
  3026 | D:4      | Found an opulent altar of Gozag.
  3290 | D:4      | Reached XP level 7. HP: 37/37 MP: 17/19
  3296 | D:4      | Learned a level 4 spell: Force Lance
  3301 | D:4      | Learned a level 4 spell: Fulminant Prism
  3322 | D:4      | Found a staircase to the Ecumenical Temple.
  3333 | Temple   | Entered the Ecumenical Temple
  3566 | Temple   | Became a worshipper of Vehumet
  3792 | D:4      | Found a hide-covered altar of Uskayaw.
  3840 | D:5      | Entered Level 5 of the Dungeon
  3877 | D:5      | Reached skill level 1 in Staves
  3877 | D:5      | Reached skill level 7 in Spellcasting
  3954 | D:5      | Reached skill level 1 in Fighting
  3966 | D:5      | Killed from afar by an orc priest

Vault maps used:
D:1:      dpeg_arrival_yet_another_circle, serial_bayou_pond_e
D:2:      first_ration
D:3:      xom_redecorated, evilmike_ruin_ashenzari, uniq_crazy_yiuf_cottage,
          uniq_jessica, uniq_natasha
D:4:      grunt_gozag_breadcrumbs, marbit_many_paths, temple_hall
D:5:      serial_shops, nicolae_shop_temple_entry_statues_fountains,
          cheibrodos_sewer_entry_bend
Temple:   eino_temple_scatter_basement

Skill      XL: |  1  2  3  4  5  6  7 |
---------------+----------------------+-----
Conjurations   | 5 6 |  6.9
Spellcasting   | 4 5 6 7 |  7.3
Stealth        | 3 |  3.6
Short Blades   | 1 |  1.5
Dodging        | 3 |  3.5
Staves         | 1 |  1.1
Fighting       | 1 |  1.3

Action                   |  1- 3 |  4- 6 |  7- 9 || total
-------------------------+-------+-------+-------++-------
Melee: Dagger            |     7 |    14 |       ||    21
       Quarterstaff      |       |     7 |     8 ||    15
 Cast: Magic Dart        |    72 |    73 |    23 ||   168
       Searing Ray       |     2 |     5 |     3 ||    10
       Iskenderun's Myst |       |     2 |       ||     2
       Fulminant Prism   |       |       |     1 ||     1
  Use: Scroll            |     2 |     7 |       ||     9
       Potion            |       |       |     1 ||     1
  Eat: Ration            |     1 |     2 |       ||     3
Armor: Robe              |       |    11 |     4 ||    15
Dodge: Dodged            |     8 |    18 |     9 ||    35

Table legend:
 A = Spawn XP
 B = Non-spawn XP
 C = Spawn XP percentage of total XP
 D = Spawn monster count
 E = Non-spawn monster count
 F = Spawn count percentage of total count
 G = Total turns spent on level
                    A         B        C        D         E        F      G
               +---------+---------+-------+---------+---------+-------+---------
         Total |       0 |    1065 |   0.0 |       0 |      76 |   0.0 |  3966
               +---------+---------+-------+---------+---------+-------+---------
           D:1 |       0 |      27 |   0.0 |       0 |      17 |   0.0 |  1387
           D:2 |       0 |     204 |   0.0 |       0 |      24 |   0.0 |   859
           D:3 |       0 |     231 |   0.0 |       0 |      17 |   0.0 |   695
           D:4 |       0 |     390 |   0.0 |       0 |      13 |   0.0 |   655
           D:5 |       0 |     213 |   0.0 |       0 |       5 |   0.0 |   126
               +---------+---------+-------+---------+---------+-------+---------
